 Dungeon Crawl Stone Soup version 0.29-a0-284-gf9362112df (webtiles) character file.

Game seed: 4069715387981020196

0 gzilladon the Grave Robber (level 1, -1/13 HPs)
             Began as a Demonspawn Necromancer on Mar 25, 2022.
             Slain by a quokka (2 damage)
             ... on level 1 of the Dungeon.
             The game lasted 00:00:38 (104 turns).

gzilladon the Grave Robber (Demonspawn Necromancer)  Turns: 104, Time: 00:00:38

Health: -1/13      AC:  2    Str:  8    XL:     1   Next: 8%
Magic:  3/3        EV: 12    Int: 22    God:
Gold:   8          SH:  0    Dex: 13    Spells: 3/4 levels left

rFire   . . .      SeeInvis .   (no weapon)
rCold   . . .      Faith    .   (no shield)
rNeg    . . .      Spirit   .   a - +0 robe
rPois   .          Reflect  .   (no helmet)
rElec   .          Harm     .   (no cloak)
rCorr   .          Rampage  .   (no gloves)
Will    .....                   (no boots)
Stlth   ++........              (no amulet)
HPRegen 0.04/turn               c - +6 ring of intelligence
MPRegen 0.08/turn               f - ring of wizardry

@: no status effects
A: no striking features
a: no special abilities


You were on level 1 of the Dungeon.
You visited 1 branch of the dungeon, and saw 1 of its levels.

You collected 8 gold pieces.

Inventory:

Armour
 a - a +0 robe (worn)
Jewellery
 c - a +6 ring of intelligence (left hand)
 f - a ring of wizardry (right hand)
Scrolls
 d - a scroll of identify {unknown}
Potions
 b - a potion of magic
 e - a potion of cancellation {unknown}


   Skills:
 + Level 1.7 Dodging
 + Level 1.7 Stealth
 + Level 2.0 Spellcasting
 + Level 4.3 Necromancy


You had 3 spell levels left.
You knew the following spells:

 Your Spells              Type           Power      Damage    Failure   Level
a - Pain                  Necr           84%        1d8       1%          1

Your spell library contained the following spells:

 Spells                   Type           Power      Damage    Failure   Level
 Animate Skeleton         Necr           42%        N/A       1%          1
 Vampiric Draining        Necr           21%        2d7       2%          3
 Animate Dead             Necr           10%        N/A       9%          4
 Agony                    Necr           21%        N/A       26%         5


Dungeon Overview and Level Annotations

Branches:
Dungeon (1/15)

Altars:


Message History

Found a stone staircase leading down.
You now have 4 gold pieces.
There is a stone staircase leading down here.
Found 18 stones.
Found 4 gold pieces.
You now have 8 gold pieces (gained 4).
A rat comes into view.
A frilled lizard comes into view.
The frilled lizard hisses angrily.
A quokka comes into view.
Found a dagger.
The frilled lizard bites you.
You closely miss the frilled lizard. Your punch misses the frilled lizard.
The frilled lizard completely misses you.
You hit the frilled lizard but do no damage.
The quokka barely misses you. The frilled lizard bites you.
You hit the frilled lizard but do no damage.
The quokka barely misses you. The frilled lizard bites you.
You hit the frilled lizard.
You kill the frilled lizard!
The quokka bites you but does no damage.
You hit the rat.
The rat is severely wounded.
The quokka completely misses you. The rat bites you but does no damage.
You hit the rat but do no damage.
The rat is severely wounded.
The quokka bites you. The rat bites you.
* * * LOW HITPOINT WARNING * * *
The quokka misses you.
You closely miss the rat.
The rat is severely wounded.
The quokka barely misses you. The rat bites you but does no damage.
You hit the rat but do no damage.
The rat is severely wounded.
The quokka bites you.
* * * LOW HITPOINT WARNING * * *
The rat bites you but does no damage.
You hit the rat.
You kill the rat!
The quokka bites you.
You die...

#.# #..#.##.##.#
.# #.#
#..#.##.##.##..#
#.#
##.............#
#.#
#.####.##.#####
..# #.# #.##.#
### #.##.#
#.##.######..
#.....r.....)
##(..@†......
#.##########
...# ####


You could see a quokka.

Vanquished Creatures
  A frilled lizard (D:1)
  A rat (D:1)
2 creatures vanquished.

Notes
Turn   | Place    | Note
-------+----------+-------------------------------------------
     0 | D:1      | gzilladon the Demonspawn Necromancer began the quest for
                  | the Orb.
     0 | D:1      | Reached XP level 1. HP: 13/13 MP: 3/3
   104 | D:1      | Slain by a quokka

Illustrated notes

Levels and vault maps discovered:
D:1:      ldierk_walled_garden_2, layout_loops_ring, minmay_tetromino_l4

Action                   || total
-------------------------++-------
Melee: Unarmed           ||     9
Armor: Robe              ||     4
Dodge: Dodged            ||     6

Table legend: (Time is in decaauts)
 A = Elapsed time spent in this place.
 B = Non-inter-level travel time spent in this place.
 C = Inter-level travel time spent in this place.
 D = Time resting spent in this place.
 E = Time spent auto-exploring this place.
 F = Levels seen in this place.
 G = Mean time per level.
                   A        B        C        D        E       F      G
               +--------+--------+--------+--------+--------+-----+--------+
         Total |    103 |    103 |      0 |      0 |      0 |   1 |  103.0 |
       Dungeon |    103 |    103 |      0 |      0 |      0 |   1 |  103.0 |
               +--------+--------+--------+--------+--------+-----+--------+

Top non-repeatable levels by time:
     D:1: 103 daAuts
